 Dungeon Crawl Stone Soup version 0.24.0-123-gd5b16e6ec5 (webtiles) character file.

Game seed: 7183975219783495304, levelgen mode: deterministic

164 Descartes the Grasshopper (level 5, -7/23 HPs)
             Began as a Felid Warper on Dec 20, 2019.
             Mangled by a big kobold
             ... wielding a +1 whip of distortion
              (25 damage)
             ... on level 3 of the Dungeon.
             The game lasted 00:13:11 (5531 turns).

Descartes the Grasshopper (Felid Warper)            Turns: 5531, Time: 00:13:12

Health: -7/23      AC:  1    Str:  8    XL:     5   Next: 21%
Magic:  9/9        EV: 19    Int: 14    God:
Gold:   132        SH:  0    Dex: 16    Spells: 5/9 levels left
                                        Lives:  0   Deaths: 1

rFire    . . .     SeeInvis +     - Unarmed
rCold    . . .     Gourm    .   (shield unavailable)
rNeg     . . .     Faith    .   (armour unavailable)
rPois    .         Spirit   .   (helmet unavailable)
rElec    .         Reflect  .   (cloak unavailable)
rCorr    .         Harm     .   (gloves unavailable)
MR       .....                  (boots unavailable)
Stlth    +++.......             (no amulet)
HPRegen  0.07/turn              (no ring)
MPRegen  0.11/turn              (no ring)

@: quick
A: very small, no armour, no weapons or thrown items, stealth, claws 1, fangs 3,
see invisible, carnivore, speed 1, shaggy fur 1, slow metabolism 1, sharp paws
a: no special abilities


You were on level 3 of the Dungeon.
You were very full.

You visited 1 branch of the dungeon, and saw 3 of its levels.

You collected 132 gold pieces.

Inventory:

Missiles
 g - 114 stones
 n - 15 arrows
Jewellery
 q - a cursed ring of teleportation {unknown}
Wands
 h - a wand of iceblast (11)
Scrolls
 b - a scroll of blinking
 d - a scroll of magic mapping {unknown}
 e - 2 scrolls of identify {unknown}
 i - 2 scrolls of teleportation {unknown}
 j - 2 scrolls of immolation {unknown}
 k - a scroll of amnesia {unknown}
 l - a scroll of remove curse {unknown}
 m - 2 scrolls of random uselessness {unknown}
Potions
 a - 4 potions of brilliance
 f - a potion of ambrosia {unknown}
 o - a potion of flight {unknown}
 p - a potion of degeneration {unknown}
Comestibles
 c - 7 rations


   Skills:
 + Level 2.6 Fighting
 + Level 4.0 Dodging
 * Level 3.5 Stealth
 * Level 3.3 Unarmed Combat
 + Level 2.5 Spellcasting
 + Level 1.7 Charms
 + Level 5.0 Translocations


You had 5 spell levels left.
You knew the following spells:

 Your Spells              Type           Power        Failure   Level  Hunger
a - Blink                 Tloc           N/A          4%          2    ###....
b - Shroud of Golubria    Chrm/Tloc      ##....       9%          2    ###....

Your spell library contained the following spells:

 Spells                   Type           Power        Failure   Level  Hunger
 Gell's Gravitas          Tloc           ###.......   9%          3    ###....
 Lesser Beckoning         Tloc           ###.......   9%          3    ###....
 Teleport Other           Tloc           ###.....     9%          3    ###....
 Passage of Golubria      Tloc           N/A          28%         4    #####..


Dungeon Overview and Level Annotations

Branches:
Dungeon (3/15)

Altars:
Cheibriados
Gozag
Kikubaaqudgha
Nemelex Xobeh
Ru
The Shining One

Annotations:
D:3 Descartes's ghost, weakling FeMo


Innate Abilities, Weirdness & Mutations

You cannot wear armour.
You are incapable of wielding weapons or throwing items.
Your paws allow you to move quietly. (Stealth)
You have sharp claws.
You have razor-sharp teeth.
You have supernaturally acute eyesight. (SInv)
You are carnivorous and can eat meat at any time.
You cover ground quickly.
You are covered in fur. (AC +1)
You have a slow metabolism.
Your sharp claws are effective at attacking unaware monsters.


Message History

Evoke which item? (* to show all) (? for menu, Esc to quit)
Evoke which item? (* to show all) (? for menu, Esc to quit)
Huh?
Evoke which item? (* to show all) (? for menu, Esc to quit)
Okay, then.
g - 114 stones (gained 1)
The big kobold is too close now for your liking.
You see here a stone.
There is an open translucent gate here.
You scratch the big kobold.
The big kobold is lightly wounded.
You claw the big kobold!
The big kobold is moderately wounded.
The big kobold misses you.
You scratch the big kobold.
The big kobold is heavily wounded.
The big kobold hits you with a +1 whip of distortion.
Space warps horribly around you!!
Ouch! That really hurt!
You die...

......###.....#
##'#..###.##..
......'.'.....#
#..K......####
......###.....#
#..>....#.....
##....# #.....#
#.......###..#
#....######..###
#...........##
#......#
##...#####...#.##.###
#....#.#
#..##.8P##..#.##.####
#..≈.≈.#
#(.#.....##.#.##.....
#.≈.≈.≈#
#..'@###.$#.#.#####.#
#.#...##
#..'.K...$#.#.#####.#
#.#.≈.#
##.'.###..#.#.......#
###...#
#.#.....############
#.≈.# #.##P8P## #...#
#..##### #.≈.# ####
#...# #≈_≈#


You could see a big kobold.

Vanquished Creatures
  A big kobold (D:3)
  5 adders
  An ooze (D:1)
  5 dart slugs
  2 worms (D:2)
  A leopard gecko (D:3)
  3 orcs (D:3)
  5 bats
  4 giant cockroaches (D:1)
  11 goblins
  11 hobgoblins
  3 jackals (D:2)
  A quokka (D:3)
  3 frilled lizards
  12 kobolds
  6 rats (D:1)
74 creatures vanquished.

Vanquished Creatures (others)
  A fungus (D:3)
1 creature vanquished.

Grand Total: 75 creatures vanquished

Notes
Turn   | Place    | Note
-------+----------+-------------------------------------------
     0 | D:1      | Descartes the Felid Warper began the quest for the Orb.
     0 | D:1      | Reached XP level 1. HP: 9/9 MP: 4/4
   437 | D:1      | Reached skill level 1 in Stealth
   444 | D:1      | Reached XP level 2. HP: 6/13 MP: 6/6
   618 | D:1      | Learned a level 2 spell: Blink
   621 | D:1      | Learned a level 2 spell: Shroud of Golubria
  1175 | D:1      | Reached XP level 3. HP: 16/16 MP: 4/7
  2016 | D:2      | Reached skill level 1 in Charms
  2016 | D:2      | Reached XP level 4. HP: 19/20 MP: 3/8
  2098 | D:2      | Found a snail-covered altar of Cheibriados.
  2103 | D:2      | Found an ancient bone altar of Kikubaaqudgha.
  2116 | D:2      | Found a sacrificial altar of Ru.
  2265 | D:2      | Found a faded altar of an unknown god.
  2309 | D:2      | Found a sparkling altar of Nemelex Xobeh.
  2309 | D:2      | Found an opulent altar of Gozag.
  2546 | D:2      | Slain by a worm
  2547 | D:2      | Reached XP level 3. HP: -1/16 MP: 7/7
  3470 | D:3      | Reached XP level 4. HP: 14/20 MP: 5/8
  3657 | D:3      | Found a glowing golden altar of the Shining One.
  4249 | D:3      | Found a sacrificial altar of Ru.
  4271 | D:3      | Noticed a big kobold
  4272 | D:3      | Found a runed translucent gate.
  4272 | D:3      | Found a runed translucent gate.
  4272 | D:3      | Found a runed translucent gate.
  4272 | D:3      | Noticed Descartes's ghost (weakling FeMo)
  4274 | D:3      | Noticed a big kobold
  5230 | D:3      | Killed a big kobold
  5230 | D:3      | Reached skill level 5 in Translocations
  5230 | D:3      | Reached XP level 5. HP: 5/23 MP: 9/9
  5531 | D:3      | Mangled by a big kobold

Levels and vault maps discovered:
D:1:      psy_arrival_fountain, layout_loops_cross
D:2:      layout_basic, grunt_temple_overflow_opulence,
          minmay_overflow_temple_star_quad, chequers_ecumenical_altar_simple,
          minmay_goblin_outpost
D:3:      layout_basic, old_standard_altar, gammafunk_ghost_nasty_kobolds,
          first_ration, nicolae_ru_path_of_blood

Skill      XL: |  1  2  3  4 |
---------------+-------------+-----
Stealth        | 1 3 |  3.5
Charms         | 1 |  1.7
Unarmed Combat | 3 |  3.3
Dodging        | 4 |  4.0
Translocations | 5 |  5.0
Fighting       | |  2.6
Spellcasting   | |  2.5

Action                   |  1- 3 |  4- 6 || total
-------------------------+-------+-------++-------
Melee: Unarmed           |   179 |   128 ||   307
       Bite              |    14 |    10 ||    24
       Punch             |     2 |       ||     2
 Cast: Blink             |    12 |     3 ||    15
       Shroud of Golubri |     4 |    11 ||    15
  Use: Potion            |     2 |       ||     2
 Stab: Sleeping          |     5 |     4 ||     9
       Distracted        |       |     1 ||     1
  Eat: Chunk             |    11 |    12 ||    23
Armor: Skin              |     6 |     7 ||    13
Dodge: Dodged            |   157 |   114 ||   271
